 Dungeon Crawl Stone Soup version 0.29.1-15-g9cfb28693d (webtiles) character file.

Game seed: 523187673968389596

9626 Jus the Frost Mage (level 11, -4/81 HPs)
             Began as a Barachi Ice Elementalist on Apr 29, 2023.
             Was a Believer of the Shining One.
             Slain by a yak (10 damage)
             ... on level 1 of the Lair of Beasts on Apr 30, 2023.
             The game lasted 00:55:30 (12849 turns).

Jus the Frost Mage (Barachi Ice Elementalist)      Turns: 12849, Time: 00:55:31

Health: -4/81      AC: 13    Str:  9    XL:     11   Next: 49%
Magic:  19/24      EV: 15    Int: 20    God:    the Shining One [**....]
Gold:   450        SH:  0    Dex: 16    Spells: 7/28 levels left

rFire   + + .      SeeInvis .   b - +6 sling (flame)
rCold   . . .      Faith    .   (no shield)
rNeg    + . .      Spirit   .   t - +1 ring mail of Happy Babbling {rF+ Will+ Dex+3}
rPois   .          Reflect  .   (no helmet)
rElec   .          Harm     .   J - +0 cloak
rCorr   .          Rampage  .   (no gloves)
Will    ++...                   (no boots)
Stlth   +.........              g - amulet of the acrobat
HPRegen 0.23/turn               f - ring of protection from fire
MPRegen 0.19/turn               s - +4 ring of evasion

@: ice-armoured, freezing walls, glowing, slow
A: amphibious, slowness 1, strong legs 1, +LOS, strong-willed 1
a: Hop, Renounce Religion, Divine Shield


You were on level 1 of the Lair of Beasts.
You worshipped the Shining One.
The Shining One was pleased with you.
You visited 3 branches of the dungeon, and saw 11 of its levels.
You also visited: Sewer.

You collected 472 gold pieces.
You spent 22 gold pieces at shops.

Inventory:

Hand Weapons
 a - a +0 dagger of venom
 b - a +6 sling of flaming (weapon)
 l - a +0 dagger of holy wrath
 H - a +0 spear of freezing
 K - a +0 whip of electrocution
 L - a +0 arbalest
Missiles
 y - 49 poisoned darts
Armour
 t - the +1 ring mail of Happy Babbling (worn) {rF+ Will+ Dex+3}
   (You found it on level 4 of the Dungeon)

   Dex:       It affects your dexterity (+3).
   rF:        It protects you from fire.
   Will:      It increases your willpower.
 J - a +0 cloak (worn)
Jewellery
 f - a ring of protection from fire (left hand)
 g - an amulet of the acrobat (around neck)
 s - a +4 ring of evasion (right hand)
Wands
 G - a wand of iceblast (9)
 I - a wand of charming (15)
Scrolls
 i - 2 scrolls of blinking
 j - a scroll of brand weapon
 k - 2 scrolls of enchant armour
 n - 4 scrolls of immolation
 p - 4 scrolls of teleportation
 u - 2 scrolls of silence
 v - a scroll of fog
 z - 3 scrolls of enchant weapon
 A - 3 scrolls of magic mapping
 D - a scroll of poison
Potions
 c - 3 potions of magic
 d - 3 potions of curing
 e - 5 potions of ambrosia
 h - 4 potions of attraction
 m - 6 potions of heal wounds
 o - a potion of haste {unknown}
 q - 2 potions of lignification
 r - 2 potions of might
 w - a potion of cancellation
 x - a potion of brilliance {unknown}
 B - 2 potions of flight
 C - a potion of degeneration {unknown}
 E - a potion of resistance {unknown}


   Skills:
 * Level 6.2 Fighting
 * Level 4.6 Ranged Weapons
 + Level 4.7 Armour
 + Level 2.8 Dodging
 - Level 1.7 Stealth
 * Level 9.3 Spellcasting
 * Level 5.6 Conjurations
 * Level 5.5 Summonings
 * Level 10.5 Ice Magic
 * Level 4.8 Air Magic
 * Level 4.1 Poison Magic
 * Level 3.0 Invocations


You had 7 spell levels left.
You knew the following spells:

 Your Spells              Type           Power      Damage    Failure   Level
a - Freeze                Ice            100%       1d11      1%          1
b - Frozen Ramparts       Ice            100%       1d16      1%          3
c - Ozocubu's Armour      Ice            51%        N/A       1%          3
d - Mephitic Cloud        Conj/Pois/Air  28%        N/A       8%          3
e - Summon Ice Beast      Ice/Summ       41%        N/A       7%          4
f - Hailstorm             Conj/Ice       41%        3d10      7%          4
g - Swiftness             Air            28%        N/A       8%          3

Your spell library contained the following spells:

 Spells                   Type           Power      Damage    Failure   Level
 Magic Dart               Conj           100%       1d8       1%          1
 Shock                    Conj/Air       100%       1d9       2%          1
 Call Imp                 Summ           31%        N/A       3%          2
 Ice Form                 Ice/Tmut       30%        N/A       22%         4
 Airstrike                Air            14%        2d(2-18)  26%         4
 Scorch                   Fire           18%        2d6       28%         2
 Gell's Gravitas          Tloc           9%         N/A       50%         3
 Lesser Beckoning         Tloc           9%         N/A       50%         3
 Teleport Other           Tloc           9%         N/A       50%         3
 Flame Wave               Conj/Fire      20%        2d7       52%         4
 Summon Cactus Giant      Summ           15%        N/A       96%         6


Dungeon Overview and Level Annotations

Branches:
Dungeon (9/15)             Temple (1/1) D:6            Lair (1/5) D:9
  Sewer (visited)
    Orc: D:9-12

Altars:
Ashenzari
Cheibriados
Dithmenos
Elyvilon
Fedhas
Gozag
Hepliaklqana
Kikubaaqudgha
Makhleb
Nemelex Xobeh
Okawaru
Qazlal
Ru
Sif Muna
Trog
Uskayaw
Vehumet
Wu Jian
Xom
Yredelemnul
Zin
The Shining One

Shops:
D:2 *


Innate Abilities, Weirdness & Mutations

You are amphibious.
You cover ground slowly.
You can hop short distances.
You have an extended range of vision and can be seen from far away.
You are strong-willed. (Will+)


Message History

Casting: Frozen Ramparts (safe; 1% risk of failure)
Press: ? - help, Dir - look around, f - activate This square is lit by a halo.
The walls around you are covered in ice.
The wall freezes the yak!
The yak gores you!
* * * LOW HITPOINT WARNING * * *
The wall freezes the yak.
The yak barely misses you.
Unknown command.
Fire: b) +6 sling (flame)
Press: ? - help, Q - select action, (/) - cycle Shift-Dir - straight line, f - yak
Aim: a yak (moderately wounded, haloed, 91% to hit)
You shoot a sling bullet. The sling bullet hits the yak.
The sling bullet burns the yak.
The yak is moderately wounded.
The wall freezes the yak.
The yak barely misses you.
The wall freezes the yak.
The yak gores you but does no damage.
Fire: b) +6 sling (flame)
Press: ? - help, Q - select action, (/) - cycle Shift-Dir - straight line, f/p - yak
Aim: a yak (heavily wounded, haloed, 91% to hit)
You shoot a sling bullet. The sling bullet hits the yak.
The sling bullet burns the yak.
The yak is severely wounded.
The wall freezes the yak but does no damage.
The yak gores you!
* * * LOW HITPOINT WARNING * * *
The wall freezes the yak.
The yak misses you.
The wall freezes the yak!
The yak gores you.
* * * LOW HITPOINT WARNING * * *
The wall freezes the yak.
The yak misses you.
Unknown command.
Unknown command.
Fire: b) +6 sling (flame)
Press: ? - help, Q - select action, (/) - cycle Shift-Dir - straight line, f/p - yak
Aim: a yak (almost dead, haloed, 91% to hit)
You shoot a sling bullet. The sling bullet hits the yak.
The sling bullet burns the yak.
You kill the yak!
The wall freezes the yak but does no damage.
The yak gores you!
You die...

.......# #### ###.....##
..).....## ####........#
.........# #.#.........##
.........## ###..........P#
.........P# ##............P#
..........# #.............##
..........####.............##
...........##..............##
............@.............##.
........####Y#............P#.
........ ########..........
.....#.. ##.#.#..... ####.#.#
####††..... # .. #.#).......
#.# ###......... #
#........... #.............


You could see a yak.

Vanquished Creatures
  Pikel (D:7)
  A manticore (D:8)
  Joseph (D:8)
  A cane toad (Lair:1)
  2 komodo dragons (Lair:1)
  Prince Ribbit (D:8)
  A troll (D:9)
  Sigmund (D:4)
  A basilisk (Lair:1)
  A wyvern (D:8)
  4 steam dragons
  8 yaks (Lair:1)
  Menkaure (D:7)
  2 wargs (D:9)
  2 water moccasins
  6 orc warriors
  2 ice beasts
  6 wolves (Lair:1)
  A sky beast (D:7)
  2 black bears (D:5)
  2 ogres
  3 centaurs
  A lemure (D:7)
  7 bullfrogs
  5 kobold brigands
  A necrophage (D:8)
  2 scorpions (D:4)
  9 killer bees
  5 howler monkeys
  6 hounds
  A jelly (D:6)
  Crazy Yiuf (D:7)
  8 orc priests
  A gnoll bouda (D:9)
  4 iguanas
  12 orc wizards
  8 gnolls
  9 adders
  3 white imps
  An ufetubus (D:7)
  3 worms
  2 dart slugs
  42 orcs
  14 ball pythons
  11 endoplasms
  2 giant cockroaches
  13 hobgoblins
  4 jackals
  24 kobolds
  4 quokkas
  5 bats
  4 frilled lizards
  7 goblins
  10 rats
279 creatures vanquished.

Vanquished Creatures (others)
  An orc (D:9)
  5 plants
6 creatures vanquished.

Grand Total: 285 creatures vanquished

Notes
Turn   | Place    | Note
-------+----------+-------------------------------------------
     0 | D:1      | Jus the Barachi Ice Elementalist began the quest for the
                  | Orb.
     0 | D:1      | Reached XP level 1. HP: 13/13 MP: 3/3
   116 | D:1      | Reached skill level 5 in Ice Magic
   342 | D:1      | Reached XP level 2. HP: 17/19 MP: 3/5
   729 | D:1      | Reached XP level 3. HP: 24/24 MP: 6/6
   762 | D:1      | Learned a level 3 spell: Frozen Ramparts
   766 | D:1      | Learned a level 3 spell: Ozocubu's Armour
  1081 | D:2      | Reached skill level 1 in Summonings
  1270 | D:2      | Found a faded altar of an unknown god.
  1348 | D:2      | Found Nod Yhust's General Store.
  1363 | D:2      | Bought a scroll of identify for 22 gold pieces
  1366 | D:2      | Gained mutation: You are strong-willed. (Will+) [potion of
                  | mutation]
  1366 | D:2      | Gained mutation: You are frail. (-10% HP) [potion of
                  | mutation]
  1366 | D:2      | Gained mutation: You occasionally shout uncontrollably at
                  | your foes. [potion of mutation]
  1366 | D:2      | Gained mutation: You are partially covered in iridescent
                  | scales. (AC +2) [potion of mutation]
  1367 | D:2      | Lost mutation: You are partially covered in iridescent
                  | scales. (AC +2) [potion of mutation]
  1367 | D:2      | Lost mutation: You are frail. (-10% HP) [potion of
                  | mutation]
  1367 | D:2      | Lost mutation: You are strong-willed. (Will+) [potion of
                  | mutation]
  1367 | D:2      | Gained mutation: You frequently scream uncontrollably at
                  | your foes. [potion of mutation]
  1368 | D:2      | Lost mutation: You frequently scream uncontrollably at your
                  | foes. [potion of mutation]
  1368 | D:2      | Lost mutation: You occasionally shout uncontrollably at
                  | your foes. [potion of mutation]
  1368 | D:2      | Gained mutation: You are strong-willed. (Will+) [potion of
                  | mutation]
  1536 | D:2      | Reached XP level 4. HP: 28/30 MP: 2/8
  1687 | D:2      | Found a bloodstained altar of Trog.
  2369 | D:3      | Reached skill level 6 in Ice Magic
  2619 | D:3      | Reached XP level 5. HP: 36/36 MP: 5/9
  2900 | D:3      | Reached skill level 1 in Air Magic
  3131 | D:3      | Reached skill level 1 in Fighting
  3135 | D:3      | Reached skill level 1 in Conjurations
  3228 | D:3      | Learned a level 3 spell: Mephitic Cloud
  3390 | D:4      | Reached XP level 6. HP: 43/43 MP: 7/11
  3440 | D:4      | Noticed Sigmund
  3582 | D:4      | Killed Sigmund
  3583 | D:4      | Reached skill level 7 in Ice Magic
  3702 | D:4      | Reached XP level 7. HP: 48/49 MP: 4/13
  3873 | D:4      | Identified the +1 ring mail of Happy Babbling {rF+ Will+
                  | Dex+3}
  4574 | D:4      | Learned a level 4 spell: Summon Ice Beast
  4609 | D:5      | Entered Level 5 of the Dungeon
  4644 | D:5      | Found a glowing silver altar of Zin.
  4675 | D:5      | Reached skill level 5 in Spellcasting
  4694 | D:5      | Reached skill level 1 in Armour
  4741 | D:5      | Found a shimmering blue altar of Sif Muna.
  4756 | D:5      | Found a glowing drain.
  4766 | Sewer    | Entered a sewer
  5102 | Sewer    | Reached XP level 8. HP: 57/57 MP: 11/15
  5528 | D:5      | Found a bloodstained altar of Trog.
  5545 | D:5      | Reached skill level 8 in Ice Magic
  5661 | D:5      | Found an opulent altar of Gozag.
  5727 | D:5      | Found a blossoming altar of Fedhas.
  6057 | D:5      | Reached skill level 1 in Poison Magic
  6106 | D:5      | Found a broken altar of Ashenzari.
  6792 | D:6      | Found a staircase to the Ecumenical Temple.
  6798 | Temple   | Entered the Ecumenical Temple
  7017 | Temple   | Became a worshipper of the Shining One
  8108 | D:7      | Noticed Menkaure
  8117 | D:7      | Killed Menkaure
  8118 | D:7      | Reached XP level 9. HP: 28/64 MP: 12/18
  8441 | D:7      | Noticed Pikel
  8452 | D:7      | Killed Pikel
  8453 | D:7      | Reached skill level 9 in Ice Magic
  8453 | D:7      | Reached skill level 1 in Invocations
  8495 | D:7      | Reached * piety under the Shining One
  9112 | D:7      | Reached XP level 10. HP: 73/73 MP: 13/21
  9324 | D:7      | Found a runed translucent door.
  9325 | D:7      | Noticed Crazy Yiuf
  9409 | D:7      | Killed Crazy Yiuf
  9410 | D:7      | Reached skill level 1 in Ranged Weapons
  9446 | D:7      | Learned a level 4 spell: Hailstorm
  9682 | D:8      | Noticed Joseph
  9698 | D:8      | Killed Joseph
  9992 | D:8      | Noticed a manticore
 10010 | D:8      | Killed a manticore
 10201 | D:8      | Noticed Prince Ribbit
 10214 | D:8      | Killed Prince Ribbit
 10313 | D:8      | Reached skill level 5 in Summonings
 10490 | D:8      | Found an iron altar of Okawaru.
 10945 | D:9      | Reached skill level 5 in Fighting
 11123 | D:9      | Reached skill level 10 in Ice Magic
 11639 | D:9      | Reached skill level 5 in Conjurations
 11703 | D:9      | Found a staircase to the Lair.
 11844 | D:9      | Reached XP level 11. HP: 81/81 MP: 16/23
 11910 | D:9      | Reached ** piety under the Shining One
 12015 | D:9      | Learned a level 3 spell: Swiftness
 12131 | Lair:1   | Entered Level 1 of the Lair of Beasts
 12849 | Lair:1   | Slain by a yak

Illustrated notes

Levels and vault maps discovered:
D:1:      dpeg_arrival_stone_temple_mockup, layout_basic
D:2:      layout_basic, basic_altar, ebering_ecumenical_altar_rust,
          serial_shops, nicolae_diamond_shop, minmay_circle_x
D:3:      layout_loops_cross
D:4:      corexii_shack_village, layout_basic, minmay_misc_feat_encased,
          minmay_curled_crystal, minivault_4, uniq_sigmund
D:5:      layout_loops_ring, mainiacjoe_overflow_boulevard,
          kennysheep_mini_moat, mainiacjoe_overflow_catch_the_wave,
          trog_ov_bears_minmay, lemuel_doored_altar,
          cheibrodos_sewer_entry_drain
D:6:      layout_basic, minmay_temple_entry_fiery, serial_co_window_serial,
          co_window_of_opportunity_a, co_window_paths_a,
          co_window_of_opportunity_a, co_window_paths_b,
          co_window_of_opportunity_a, co_window_paths_b, co_window_paths_b,
          co_window_cross_2, co_window_paths_c, co_window_broadway_a,
          co_window_broadway_b, co_window_of_opportunity_c, co_window_2corner,
          co_window_broadway_b, co_window_4corner_b, glass_columns_c,
          glass_columns_c, glass_columns_b, glass_columns_a, glass_columns_a
D:7:      layout_loops_corners, uniq_menkaure, uniq_crazy_yiuf_cottage,
          uniq_pikel
D:8:      layout_basic, okawaru_metal_pillars_3, uniq_joseph,
          uniq_prince_ribbit1
D:9:      layout_loops_cross, erik_lair_orcish_takeover
Temple:   regret_index_temple_generic_petals
Lair:1:   layout_cave_pods, grunt_megastairs_5

Skill      XL: |  1  2  3  4  5  6  7  8  9 10 11 |
---------------+----------------------------------+-----
Ice Magic      | 5 6 7 8 9 10 | 10.5
Summonings     | 1 2 3 4 5 |  5.5
Spellcasting   | 3 4 5 6 7 8 9 |  9.3
Air Magic      | 1 2 3 4 |  4.8
Fighting       | 1 2 3 4 5 6 |  6.2
Conjurations   | 1 2 3 5 |  5.6
Armour         | 1 2 4 |  4.7
Poison Magic   | 1 2 3 4 |  4.1
Invocations    | 1 2 3 |  3.0
Ranged Weapons | 3 4 |  4.6
Dodging        | |  2.8
Stealth        | |  1.7

Action                   |  1- 3 |  4- 6 |  7- 9 | 10-12 || total
-------------------------+-------+-------+-------+-------++-------
Melee: Spear             |    48 |    29 |       |       ||    77
       Dagger            |       |    24 |   104 |    25 ||   153
       Punch             |       |     2 |       |     2 ||     4
 Fire: Arbalest          |       |       |    49 |     7 ||    56
       Sling             |       |       |       |   170 ||   170
 Cast: Freeze            |    34 |     9 |     7 |     4 ||    54
       Frozen Ramparts   |     3 |    27 |    57 |    41 ||   128
       Ozocubu's Armour  |       |     5 |    21 |    20 ||    46
 Abil: Hop               |       |     1 |     3 |       ||     4
  Use: Scroll            |     3 |     1 |     5 |    11 ||    20
       Potion            |     3 |       |       |     1 ||     4
 Stab: Sleeping          |     2 |     1 |     1 |       ||     4
Armor: Robe              |     9 |     5 |       |       ||    14
       Leather armour    |       |     2 |     1 |       ||     3
       Ring mail         |       |       |    28 |    44 ||    72
Dodge: Dodged            |    56 |    59 |    92 |    85 ||   292
